AoeStats
← lbaquino21

Arabia

510207417Analyzed
1v1 RM · 1d ago on Sep 29, 2026· 40m 14s· 2 players
Game mode
Random Map
Map size
Tiny (2 player)
Population
200
Speed
Normal
Resources
Standard
Victory
Conquest
Starting age
Dark Age
Ending age
Imperial Age
RankedLock teamsTeams togetherTeam positionsShared explorationLock speedFull tech treeHidden civsTurbo modeCheats
Victory
Defeat
🇧🇷 Teutons · Brazil
407
+8
🇦🇷 Burgundians · Argentina
213
-8
Chalau
12:45 Feudal Age
13:14 Stone Mining
13:19 Double-Bit Axe
13:52 Gold Mining
23:49 Castle Age
24:35 Pikeman
27:33 Bow Saw
28:07 Cavalier
30:01 Gold Shaft Mining
30:16 Husbandry
29:39 Light Cavalry
30:31 Scale Barding Armor
30:37 Forging
34:27 Redemption
lbaquino21
8:11 Loom
11:43 Feudal Age
12:20 Double-Bit Axe
12:17 Horse Collar
13:59 Wheelbarrow
18:30 Castle Age
20:52 Hand Cart
28:21 Ironclad
30:37 Bow Saw
31:21 Heavy Plow
35:14 Ballistics
34:46 Heated Shot
35:06 Masonry
34:48 Guard Tower
35:09 Fortified Wall
35:05 Siphons
35:45 Scale Barding Armor
35:40 Scale Mail Armor
35:51 Forging
35:32 Fletching
35:43 Padded Archer Armor
Connection lost

Rejoining the realm…

Still unreachable

The connection could not be restored.

Session expired

The server has moved on; the page needs a fresh start.